 Dungeon Crawl Stone Soup version 0.30.1-3-gfc49f6343a (webtiles) character file.

Game seed: 3064760959521372635

1411 spardeous the Conjurer (level 8, -8/57 HPs)
             Began as a Demigod Conjurer on July 29, 2023.
             Mangled by a gnoll
             ... wielding a +0 halberd
             ... led by a gnoll bouda
              (12 damage)
             ... on level 6 of the Dungeon on July 30, 2023.
             The game lasted 00:11:16 (6547 turns).

spardeous the Conjurer (Demigod Conjurer)           Turns: 6547, Time: 00:11:17

Health: -8/57      AC:  5    Str:  8    XL:     8   Next: 19%
Magic:  2/21       EV:  6    Int: 28    God:
Gold:   260        SH:  0    Dex: 12    Spells: 12/19 levels left

rFire   . . .        u - +1 spear of Theory {elec, rElec}
rCold   . . .        (no shield)
rNeg    . . .        v - +0 troll leather armour {Pargi}
rPois   .            (no helmet)
rElec   +            (no cloak)
rCorr   .            (no gloves)
SInv    +            p - +0 pair of boots
Will    .....        (no amulet)
Stlth   ++           y - ring of see invisible
HPRegen 1.09/turn    (no ring)
MPRegen 0.17/turn

%: no passive effects
@: about to teleport, held
A: high MP 1, forlorn, divine attributes
a: no special abilities


You were on level 6 of the Dungeon.
You visited 1 branch of the dungeon, and saw 6 of its levels.
You also visited: Sewer.

You collected 260 gold pieces.

Inventory:

Hand Weapons
 l - a +0 dagger
 u - the +1 spear of Theory (weapon) {elec, rElec}
   (You found it on level 4 of the Dungeon)

   rElec:     It insulates you from electricity.
Missiles
 A - 2 throwing nets
Armour
 a - a +0 robe
 p - a +0 pair of boots (worn)
 q - a +0 leather armour
 v - a +0 troll leather armour (worn) {Pargi}
Jewellery
 y - a ring of see invisible (left hand)
Wands
 r - a wand of acid (3)
 z - a wand of mindburst (5)
Scrolls
 d - 2 scrolls of summoning {unknown}
 e - 2 scrolls of fog {unknown}
 f - 2 scrolls of amnesia {unknown}
 g - 2 scrolls of teleportation
 i - 2 scrolls of vulnerability {unknown}
 m - 4 scrolls of identify {unknown}
 s - a scroll of immolation {unknown}
 w - a scroll of fear {unknown}
 B - a scroll of poison {unknown}
Potions
 b - a potion of magic
 c - a potion of resistance {unknown}
 h - a potion of berserk rage {unknown}
 k - 2 potions of might {unknown}
 n - 2 potions of brilliance {unknown}
 o - a potion of ambrosia {unknown}
 t - 2 potions of attraction {unknown}
 x - a potion of lignification {unknown}


   Skills:
 - Level 1.7 Dodging
 - Level 1.7 Stealth
 + Level 6.4 Spellcasting
 + Level 7.7 Conjurations


You had 12 spell levels left.
You knew the following spells:

 Your Spells              Type           Power      Damage    Failure   Level
a - Magic Dart            Conj           100%       1d8       1%          1
b - Searing Ray           Conj           100%       2d8       1%          2
c - Iskenderun's Mystic   Conj/Tloc      30%        2d8       17%         4

Your spell library contained the following spells:

 Spells                   Type           Power      Damage    Failure   Level
 Dazzling Flash           Conj/Hex       60%        N/A       5%          3
 Beastly Appendage        Tmut           16%        N/A       9%          1
 Wereblood                Tmut           8%         N/A       13%         2
 Fulminant Prism          Conj/Hex       15%        3d10      17%         4
 Portal Projectile        Hex/Tloc       16%        N/A       26%         3
 Spider Form              Tmut/Pois      8%         N/A       26%         3
 Summon Guardian Golem    Hex/Summ       8%         N/A       26%         3
 Tukima's Dance           Hex            8%         N/A       26%         3
 Passage of Golubria      Tloc           8%         N/A       63%         4
 Blade Hands              Tmut           4%         N/A       93%         5
 Yara's Violent Unravell  Hex/Tmut       4%         3d4       93%         5
 Orb of Destruction       Conj           25%        9d9       96%         7
 Spellforged Servitor     Conj/Summ      15%        N/A       100%        7
 Chain Lightning          Conj/Air       15%        3d20      100%        9
 Fire Storm               Conj/Fire      15%        8d4       100%        9
 Shatter                  Erth           4%         3d7*      100%        9


Dungeon Overview and Level Annotations

Branches:
Dungeon (6/15)             Temple (0/1) D:5           Sewer (visited)

Shops:
D:5 (


Innate Abilities, Weirdness & Mutations

You have an increased reservoir of magic. (+10% MP)
You shall have no god before yourself.
Your divine heritage dramatically boosts your attributes as you level up.


Message History

You finish channelling your searing ray.
The gnoll hits you from afar with a +0 halberd!
You take 8 damage, and have 43/57 hp.
You now have 1/21 mp.
The gnoll barely misses you.
You struggle against the net.
The gnoll hits you from afar with a +0 halberd.
You take 2 damage, and have 42/57 hp.
You struggle against the net.
The gnoll hits you from afar with a +0 halberd!
You take 9 damage, and have 33/57 hp.
You struggle against the net.
The gnoll hits you from afar with a +0 halberd!
* * * LOW HITPOINT WARNING * * *
You take 8 damage, and have 25/57 hp.
You struggle against the net.
The gnoll hits you with a +0 whip.
* * * LOW HITPOINT WARNING * * *
A gnoll bouda comes into view. It is wielding a +0 club.
The gnoll hits you from afar with a +0 halberd!
* * * LOW HITPOINT WARNING * * *
The gnoll hits you from afar with a +0 spear.
* * * LOW HITPOINT WARNING * * *
You take 18 damage, and have 7/57 hp.
MASSIVE DAMAGE!!
Casting: Searing Ray (safe; 1% risk of failure)
Confirm with . or Enter, or press ? or * to list all spells.
Aiming: Searing Ray (safe; 1% risk of failure)
Press: ? - help, Shift-Dir - straight line
Okay, then.
You feel better. The gnoll hits you but does no damage.
The gnoll hits you from afar with a +0 spear!
* * * LOW HITPOINT WARNING * * *
The gnoll hits you from afar with a +0 halberd.
* * * LOW HITPOINT WARNING * * *
You take 2 damage, and have 5/57 hp.
As you read the scroll labelled ZUFIUSI TAIDGH, it crumbles to dust.
You feel strangely unstable.
It was a scroll of teleportation.
The gnoll barely misses you.
The gnoll hits you from afar with a +0 spear.
* * * LOW HITPOINT WARNING * * *
The gnoll hits you from afar with a +0 halberd!
You die...

..### ....
... # ..#
##.#..#
#####.#...#
........).#
#..<# ##@##
#g# .# ..#
#gg# #. #..#
.g.# #. #..#
##..# #.#
#..# #..# ..
#..# #g.# #.#
#. #..# #...
...Z.#.###..#
....
...gg.Z..g...


You could see a gnoll bouda and 4 gnolls.

Vanquished Creatures
  Grinder (D:4)
  Pargi (Sewer)
  3 phantoms
  2 scorpions (D:5)
  A gnoll bouda (D:6)
  5 orc priests
  2 centaur skeletons (D:6)
  A hound (D:4)
  A jelly (D:4)
  A sleepcap (D:5)
  2 iguanas
  Ijyb (D:4)
  3 orc wizards (D:5)
  12 gnolls
  8 adders
  A white imp (D:6)
  3 worms
  2 dart slugs
  18 orcs
  7 bats
  2 endoplasms
  4 giant cockroaches
  11 goblins
  6 hobgoblins
  12 jackals
  3 quokkas
  11 ball pythons
  2 frilled lizards (D:2)
  9 kobolds
  3 rats
138 creatures vanquished.

Notes
Turn   | Place    | Note
-------+----------+-------------------------------------------
     0 | D:1      | spardeous the Demigod Conjurer began the quest for the Orb.
     0 | D:1      | Reached XP level 1. HP: 14/14 MP: 5/5
   351 | D:1      | Reached XP level 2. HP: 20/20 MP: 1/7
  1021 | D:2      | Reached skill level 4 in Conjurations
  1071 | D:2      | Learned a level 2 spell: Searing Ray
  1306 | D:2      | Reached XP level 3. HP: 26/26 MP: 0/9
  2589 | D:3      | Reached XP level 4. HP: 33/33 MP: 9/11
  3158 | D:4      | Noticed Ijyb
  3184 | D:4      | Killed Ijyb
  3318 | D:4      | Learned a level 4 spell: Iskenderun's Mystic Blast
  3410 | D:4      | Reached skill level 5 in Conjurations
  3410 | D:4      | Reached XP level 5. HP: 21/38 MP: 2/13
  3607 | D:4      | Identified the +1 spear of Theory {elec, rElec}
  3934 | D:4      | Noticed Grinder
  3940 | D:4      | Paralysed by Grinder for 5 turns
  3946 | D:4      | Killed Grinder
  3947 | D:4      | Reached XP level 6. HP: 11/45 MP: 5/15
  4528 | D:5      | Entered Level 5 of the Dungeon
  4593 | D:5      | Reached skill level 6 in Conjurations
  4713 | D:5      | Found Xoufim's Weapon Shoppe.
  4737 | D:5      | Reached XP level 7. HP: 14/50 MP: 13/17
  4741 | D:5      | Reached skill level 5 in Spellcasting
  4856 | D:5      | Found a staircase to the Ecumenical Temple.
  5045 | D:5      | Found a glowing drain.
  5055 | Sewer    | Entered a sewer
  5126 | Sewer    | Noticed Pargi
  5133 | Sewer    | Killed Pargi
  5134 | Sewer    | Reached skill level 7 in Conjurations
  6411 | D:6      | Reached XP level 8. HP: 57/57 MP: 4/20
  6547 | D:6      | Mangled by a gnoll

Illustrated notes

Levels and vault maps discovered:
D:1:      matt_arrival_diagonals, layout_loops_ring,
          shapermc_ecumenical_altar_mp_vishouse, minmay_misc_feat_doors
D:2:      layout_basic
D:3:      layout_basic, okawaru_altar_gauntlet_db, patterned_corridor
D:4:      layout_cave_pods, grunt_temple_overflow_open, uniq_ijyb, uniq_grinder
D:5:      layout_basic, mainiacjoe_overflow_brackets, lemuel_tele_altar,
          minmay_temple_entry_crystal_x, cheibrodos_sewer_entry_drain,
          serial_shops, shop
D:6:      layout_loops_ring, serial_undead, serial_undead_b, serial_undead_c,
          serial_undead_a, serial_undead_d, serial_undead_e, serial_undead_f,
          serial_shops, nicolae_shop_behind_doors, minmay_misc_feat_tower,
          uniq_crazy_yiuf_cottage

Skill      XL: |  1  2  3  4  5  6  7 |
---------------+----------------------+-----
Spellcasting   | 2 3 4 6 |  6.4
Conjurations   | 4 5 6 7 |  7.7
Dodging        | |  1.7
Stealth        | |  1.7

Action                     |  1- 3 |  4- 6 |  7- 9 || total
---------------------------+-------+-------+-------++-------
  Melee: Unarmed           |    10 |       |       ||    10
         Dagger            |    12 |     4 |       ||    16
         Punch             |     1 |       |       ||     1
         Spear             |       |       |     4 ||     4
   Cast: Magic Dart        |   101 |    78 |    31 ||   210
         Searing Ray       |       |    15 |    30 ||    45
    Use: Potion            |       |       |     2 ||     2
         Scroll            |       |       |     1 ||     1
 Armour: Robe              |     5 |       |       ||     5
         Leather armour    |       |     2 |     6 ||     8
         Troll leather arm |       |       |    26 ||    26
  Dodge: Dodged            |    23 |    24 |    51 ||    98
